[Event "Titled Tuesday Blitz July 20 2021"]
[White "Pacheco Lugo, Alejandro Jose"]
[Black "Przybylski, Wojciech"]
[WhiteFideId "3903745"]
[BlackFideId "1117599"]
[WhiteElo "2125"]
[BlackElo "2317"]
[Result "1-0"]
[Round "10"]
[TimeControl "180+1"]
[Date "2021.07.21"]
[WhiteClock "0:00:16"]
[BlackClock "0:00:11"]

1. e4 c5 2. Nf3 d6 3. d4 cxd4 4. Nxd4 Nf6 5. Nc3 a6 6. Be3 e5 7. Nb3 Be7 8. f3 O-O 9. Qd2 Be6 10. O-O-O h5 11. Bg5 Nbd7 12. Rg1 a5 13. Bb5 Nb6 14. Bxf6 Bxf6 15. Qxd6 a4 16. Nc5 Bc4 17. Qxd8 Rfxd8 18. Nxb7 Rdb8 19. Nd6 Be6 20. a3 Bg5+ 21. Kb1 Be3 22. Rge1 Bc5 23. Ka1 Bd4 24. Ne2 Bc5 25. Bc6 Ra6 26. Bb5 Ra7 27. Nf5 Nc8 28. Bd3 Rab7 29. Rb1 g6 30. Nfg3 Kg7 31. Nc3 Bd4 32. Nge2 Bf2 33. Rf1 Bc5 34. Nd5 Nd6 35. Nec3 Bd4 36. Ne2 Bc5 37. c3 f5 38. Rfd1 h4 39. h3 Kf7 40. Nc1 Bxd5 41. exd5 e4 42. fxe4 fxe4 43. Bc2 Kf6 44. Ne2 Ke5 45. Nd4 Nc4 46. Nc6+ Kd6 47. Nxb8 Rxb8 48. Bxe4 Ne3 49. Re1 Re8 50. Bd3 Kxd5 51. Re2 Rf8 52. Rbe1 Re8 53. Bxg6 Re7 54. Bh5 Kd6 55. Bf3 Nc2+ 56. Rxc2 Rxe1+ 57. Ka2 Rf1 58. b3 axb3+ 59. Kxb3 Rb1+ 60. Kc4 Bxa3 61. Rd2+ Ke6 62. Re2+ Kf5 63. Be4+ Kf4 64. Bxb1 Kg3 65. Be4 Bd6 66. Bf3 Kf4 67. Re4+ Kg3 68. Rg4+ Kh2 69. Rxh4 Bg3 70. Rg4 Bf2 71. h4 Be3 72. h5 Kg1 73. Rg6 Bf4 74. h6 Be5 75. h7 Bh8 76. Rg8 Kh2 77. Rxh8 Kg3 78. Rg8+ Kf2 79. g4 Kg1 80. g5 Kh2 81. g6 Kh3 82. h8=Q+ Kg3 83. g7 Kf2 84. Bd5 1-0


[Site "https://www.chess.com"]

[Event "Titled Tuesday Blitz July 20 2021"]
[White "Pakleza, Zbigniew"]
[Black "Howell, David W L"]
[WhiteFideId "1119290"]
[BlackFideId "410608"]
[WhiteElo "2526"]
[BlackElo "2643"]
[Result "0-1"]
[Round "10"]
[TimeControl "180+1"]
[Date "2021.07.20"]
[WhiteClock "0:00:06"]
[BlackClock "0:00:05"]

1. d4 e6 2. Nf3 Nf6 3. Bf4 b6 4. e3 Bb7 5. h3 Bd6 6. Bxd6 cxd6 7. Nbd2 O-O 8. Bd3 Nc6 9. O-O d5 10. a3 Rc8 11. Rc1 Ne7 12. c4 dxc4 13. Nxc4 d6 14. Qe2 Ne4 15. Rc2 Qd7 16. Rfc1 h6 17. Nfd2 Nxd2 18. Qxd2 Rc7 19. Qb4 Rd8 20. Qxd6 Qxd6 21. Nxd6 Rxc2 22. Rxc2 Rxd6 23. Rc7 Bc8 24. Bb5 Kf8 25. Rxa7 f6 26. f3 g5 27. Kf2 e5 28. dxe5 fxe5 29. Ke2 Be6 30. a4 Kf7 31. b4 Kf6 32. a5 bxa5 33. bxa5 Nd5 34. Kf2 Nc3 35. Bf1 Rd2+ 36. Kg3 Rd1 37. Ba6 Ra1 38. Rh7 Kg6 39. Rc7 Rxa5 40. Bd3+ e4 41. Rxc3 exd3 42. Rxd3 Ra2 43. e4 Kf6 44. h4 gxh4+ 45. Kxh4 Rxg2 46. f4 Rh2+ 47. Kg3 Rh3+ 48. Kf2 Rxd3 0-1


[Site "https://www.chess.com"]

[Event "Titled Tuesday Blitz July 20 2021"]
[White "Pastar, Slaven"]
[Black "Bayo Milagro, Alvaro"]
[WhiteFideId "14402718"]
[BlackFideId "22275240"]
[WhiteElo "2150"]
[BlackElo "2270"]
[Result "1-0"]
[Round "10"]
[TimeControl "180+1"]
[Date "2021.07.21"]
[WhiteClock "0:00:50"]
[BlackClock "0:00:19"]

1. b3 e5 2. Bb2 Nc6 3. e3 Nf6 4. Nf3 Bd6 5. d4 exd4 6. Nxd4 Nxd4 7. Qxd4 O-O 8. Nc3 Qe7 9. Nd5 Qe6 10. Bc4 c5 11. Qxf6 Qxf6 12. Nxf6+ gxf6 13. Bxf6 Re8 14. O-O-O Be5 15. Bxe5 Rxe5 16. Rd6 a6 17. Rhd1 b5 18. Bd5 Ra7 19. Bf3 Kg7 20. h4 Rc7 21. h5 h6 22. R1d5 Rxd5 23. Bxd5 c4 24. Kd2 cxb3 25. cxb3 a5 26. a3 a4 27. bxa4 bxa4 28. Be4 Bb7 29. Bxb7 Rxb7 30. Rd4 Rb2+ 31. Ke1 Ra2 32. Rxa4 Kf6 33. Ra5 Ke6 34. g4 d5 35. Kf1 Ke5 36. Kg2 Ke4 37. Ra4+ Ke5 38. Kg3 Ra1 39. f4+ Kf6 40. Ra6+ Kg7 41. g5 hxg5 42. fxg5 Rg1+ 43. Kf4 Rh1 44. h6+ Kg8 45. Ra8+ Kh7 46. Rf8 Kg6 47. Rg8+ Kh5 48. h7 Rf1+ 49. Ke5 Kg4 50. h8=Q Rf5+ 51. Kd4 1-0


[Site "https://www.chess.com"]

[Event "Titled Tuesday Blitz July 20 2021"]
[White "Petriashvili, Nikoloz"]
[Black "Kobalia, Mikhail"]
[WhiteFideId "13611216"]
[BlackFideId "4119150"]
[WhiteElo "2430"]
[BlackElo "2569"]
[Result "1-0"]
[Round "10"]
[TimeControl "180+1"]
[Date "2021.07.20"]
[WhiteClock "0:00:18"]
[BlackClock "0:00:01"]

1. e4 c6 2. d4 d5 3. e5 Bf5 4. Nf3 e6 5. Be2 Ne7 6. O-O Nd7 7. Nbd2 h6 8. Nb3 a5 9. a4 Qc7 10. c3 Bg6 11. Nh4 Bh7 12. Be3 Nf5 13. Nxf5 Bxf5 14. f4 Be4 15. Bd3 f5 16. exf6 Nxf6 17. Bxe4 Nxe4 18. Nd2 Nf6 19. Rb1 Bd6 20. Qe2 O-O 21. Rbe1 Rae8 22. g3 Qf7 23. Nf3 Qg6 24. Nh4 Qh7 25. Bc1 Ne4 26. Nf3 Rf7 27. Qd3 Qf5 28. Nd2 Nf6 29. Qe2 Rff8 30. Nf3 Qg4 31. Nh4 Qxe2 32. Rxe2 Ne4 33. Nf3 Rf5 34. Rfe1 g5 35. Nd2 gxf4 36. Nxe4 dxe4 37. Rxe4 fxg3 38. hxg3 Kf7 39. g4 Rf6 40. Kg2 Rg8 41. Rh1 Rfg6 42. Kf3 Rf6+ 43. Ke2 Rfg6 44. Kf3 Rf6+ 45. Ke2 Rgg6 46. Rh5 Bg3 47. Rxa5 Rf2+ 48. Kd3 Kg7 49. Ra7 Rf7 50. a5 Bd6 51. a6 bxa6 52. Rxa6 Rc7 53. b4 Rf6 54. b5 Rf1 55. Be3 Rb1 56. Rxc6 1-0


[Site "https://www.chess.com"]

[Event "Titled Tuesday Blitz July 20 2021"]
[White "Pichot, Alan"]
[Black "Kukhmazov, Arsen"]
[WhiteFideId "110973"]
[BlackFideId "24108260"]
[WhiteElo "2622"]
[BlackElo "2453"]
[Result "1-0"]
[Round "10"]
[TimeControl "180+1"]
[Date "2021.07.20"]
[WhiteClock "0:00:09"]
[BlackClock "0:00:01"]

1. e4 c6 2. Nf3 d5 3. d3 g6 4. e5 f6 5. d4 fxe5 6. Nxe5 Bg7 7. Bd3 Nd7 8. Nf3 Nh6 9. O-O O-O 10. Re1 Nf7 11. Bf4 Qb6 12. Nbd2 e5 13. dxe5 Nc5 14. Be3 Qa5 15. Nb3 Nxb3 16. axb3 Qc7 17. Bf4 Bg4 18. Re3 Bxf3 19. Qxf3 Qe7 20. e6 Nd6 21. Qg3 Nf5 22. Bxf5 Rxf5 23. Bd6 Qf6 24. c3 Re8 25. Rae1 Rg5 26. Qf4 Rf5 27. Qg3 Rg5 28. Qf3 Rf5 29. Qe2 Bh6 30. Re5 Rxe5 31. Qxe5 Qxe5 32. Bxe5 Rxe6 33. Kf1 Kf7 34. Bd4 Rxe1+ 35. Kxe1 a6 36. Kd1 Ke6 37. f3 Bf4 38. g3 Bd6 39. b4 Bc7 40. Ke2 h5 41. f4 Kf5 42. Kf3 Bd6 43. h3 Ke6 44. g4 hxg4+ 45. Kxg4 Be7 46. h4 Bd8 47. Be5 Be7 48. Bd4 Bd8 49. Bc5 Bf6 50. Bb6 Be7 51. Bf2 Bf6 52. f5+ gxf5+ 53. Kf4 Be5+ 54. Kg5 Kf7 55. Kxf5 Bd6 56. h5 Kg7 57. Ke6 Bf4 58. Kd7 Bc1 59. b3 Kh6 60. Kc7 Bd2 61. Bd4 Kxh5 62. Kxb7 1-0


[Site "https://www.chess.com"]

[Event "Titled Tuesday Blitz July 20 2021"]
[White "Plotnikov, Pavel"]
[Black "Dang, Hoang Son"]
[WhiteFideId "4170342"]
[BlackFideId "12402435"]
[WhiteElo "2298"]
[BlackElo "2248"]
[Result "0-1"]
[Round "10"]
[TimeControl "180+1"]
[Date "2021.07.21"]
[WhiteClock "0:00:02"]
[BlackClock "0:00:10"]

1. e4 g6 2. d4 Bg7 3. c3 d6 4. Nf3 Nf6 5. Bd3 O-O 6. O-O Nc6 7. Nbd2 e5 8. Re1 exd4 9. cxd4 Re8 10. Qb3 Nd7 11. Bc4 Qe7 12. Qd3 Nb6 13. Bb3 Be6 14. d5 Nb4 15. Qb5 a5 16. dxe6 fxe6 17. Ng5 d5 18. Ngf3 a4 19. Bd1 a3 20. e5 Ra6 21. bxa3 Nc6 22. Bb2 Nd7 23. Qd3 Nc5 24. Qe3 Rea8 25. Nb3 Na4 26. Bc1 Nb6 27. Be2 Ra4 28. Bb5 Re4 29. Qd2 Nxe5 30. Nxe5 Bxe5 31. Bb2 Bxb2 32. Qxb2 Qxa3 33. Qc2 Rxe1+ 34. Rxe1 Qb4 35. Qe2 e5 36. Qxe5 Qxb5 37. Qe6+ Kg7 38. Qe5+ Kg8 39. Qxc7 Qc6 40. Qe5 Nc4 41. Nd4 Nxe5 0-1


[Site "https://www.chess.com"]

[Event "Titled Tuesday Blitz July 20 2021"]
[White "Porter, Ryan W"]
[Black "Hryshchenko, Kamila"]
[WhiteFideId "2011239"]
[BlackFideId "14147491"]
[WhiteElo "2414"]
[BlackElo "1966"]
[Result "0-1"]
[Round "10"]
[TimeControl "180+1"]
[Date "2021.07.21"]
[WhiteClock "0:00:05"]
[BlackClock "0:00:36"]

1. c4 e5 2. Nc3 d6 3. g3 Be7 4. d4 exd4 5. Qxd4 Nf6 6. Bg2 O-O 7. Nh3 Nc6 8. Qd2 Be6 9. b3 a5 10. Nf4 Bd7 11. Bb2 Qc8 12. O-O Re8 13. Nfd5 Nxd5 14. Nxd5 Bf8 15. Qg5 Kh8 16. Qh5 Bf5 17. Qxf7 Rxe2 18. Bc3 Ne5 19. Qxc7 Qe8 20. Qxb7 Rb8 21. Qc7 Rc8 22. Qa7 Qh5 23. f3 Bh3 24. Nf4 Rxg2+ 25. Nxg2 Nxf3+ 26. Rxf3 Qxf3 27. Nf4 Qxc3 28. Rd1 d5 0-1


[Site "https://www.chess.com"]

[Event "Titled Tuesday Blitz July 20 2021"]
[White "Preotu, Razvan"]
[Black "Omk124"]
[WhiteFideId "2613280"]
[WhiteElo "2407"]
[BlackElo "2566"]
[Result "1-0"]
[Round "10"]
[TimeControl "180+1"]
[Date "2021.07.21"]
[WhiteClock "0:00:10"]
[BlackClock "0:00:07"]

1. e4 g6 2. d4 Bg7 3. Nc3 c6 4. Be3 d5 5. e5 Nh6 6. Qd2 Nf5 7. Bf4 f6 8. Nf3 O-O 9. Be2 fxe5 10. Bxe5 Nd7 11. Bxg7 Kxg7 12. O-O-O b5 13. h4 Nf6 14. Bd3 h5 15. Rhe1 Ng4 16. Qg5 e6 17. Bxf5 Qxg5+ 18. Nxg5 exf5 19. Re7+ Kg8 20. f3 Nf6 21. Rde1 Bd7 22. Ne2 Rae8 23. Nf4 Rxe7 24. Rxe7 Re8 25. Rf7 Rf8 26. Rxf8+ Kxf8 27. Nxg6+ Kg7 28. Ne5 Kf8 29. Kd2 Be8 30. Ke3 Ke7 31. Nh3 Ke6 32. Nf4+ Ke7 33. a3 Kd6 34. Nfd3 Ng8 35. Kf4 Ne7 36. Kg5 Ke6 37. Nf4+ Kd6 38. Nxh5 c5 39. c3 a5 40. b4 axb4 41. axb4 cxd4 42. cxd4 Nc8 43. Ng7 Ke7 44. h5 Nd6 45. h6 Nc4 46. h7 1-0


[Site "https://www.chess.com"]

[Event "Titled Tuesday Blitz July 20 2021"]
[White "Quparadze, Giga"]
[Black "Nakamura, Hikaru"]
[WhiteFideId "13602250"]
[BlackFideId "2016192"]
[WhiteElo "2658"]
[BlackElo "2900"]
[Result "1-0"]
[Round "10"]
[TimeControl "180+1"]
[Date "2021.07.20"]
[WhiteClock "0:00:58"]
[BlackClock "0:00:07"]

1. e4 e5 2. Nf3 Nc6 3. Bb5 Nf6 4. O-O Nxe4 5. d4 Nd6 6. Bxc6 dxc6 7. dxe5 Nf5 8. Qxd8+ Kxd8 9. Rd1+ Ke8 10. h3 Ne7 11. Nc3 Ng6 12. Ne2 Bf5 13. Ned4 Bd7 14. Re1 c5 15. e6 cxd4 16. exd7+ Kxd7 17. Nxd4 f6 18. Be3 Re8 19. Rad1 Kc8 20. Nb5 a6 21. Nxc7 Rxe3 22. Rxe3 Kxc7 23. Rc3+ Kb6 24. Rb3+ Kc7 25. Rc3+ Kb6 26. Rd7 Ne5 27. Rb3+ Kc6 28. Rdxb7 Bc5 29. Rb8 Rxb8 30. Rxb8 h5 31. a4 h4 32. b4 Bb6 33. Kf1 g5 34. Rc8+ Kb7 35. Rf8 Nd7 36. Rf7 Kc6 37. c4 Bd4 38. b5+ axb5 39. cxb5+ Kd6 40. a5 Bc3 41. a6 Bd4 42. Ke2 Bb6 43. g3 g4 44. hxg4 h3 45. Rh7 Ne5 46. Rxh3 Nxg4 47. Rh7 Nxf2 48. a7 Bxa7 49. Rxa7 Ne4 50. Kf3 Nc3 51. Ra6+ Kc5 52. Rc6+ 1-0


[Site "https://www.chess.com"]

[Event "Titled Tuesday Blitz July 20 2021"]
[White "Rosenberg, Evan S"]
[Black "Rottenwohrer Suarez, Juan"]
[WhiteFideId "2019299"]
[BlackFideId "32068182"]
[WhiteElo "2308"]
[BlackElo "2158"]
[Result "0-1"]
[Round "10"]
[TimeControl "180+1"]
[Date "2021.07.21"]
[WhiteClock "0:00:13"]
[BlackClock "0:01:18"]

1. Nf3 Nf6 2. c4 g6 3. Nc3 Bg7 4. e4 c5 5. d4 cxd4 6. Nxd4 Nc6 7. Be3 d6 8. f3 O-O 9. Be2 Nxd4 10. Bxd4 a5 11. O-O Bd7 12. Qd2 a4 13. Rac1 Bc6 14. Rfd1 Nd7 15. Bxg7 Kxg7 16. h4 Qa5 17. Nd5 Qxd2 18. Rxd2 Bxd5 19. cxd5 Rfc8 20. Rdc2 Rxc2 21. Rxc2 Nc5 22. Kf2 f5 23. e5 f4 24. e6 Kf6 25. Bc4 Ra5 26. b3 axb3 27. axb3 Ra3 28. b4 Na4 29. Ra2 Rxa2+ 30. Bxa2 Ke5 31. h5 gxh5 32. g3 fxg3+ 33. Kxg3 Nc3 34. Bc4 Nxd5 35. Kh4 Nf4 36. Kg5 d5 37. Bb3 d4 38. Bc2 d3 39. Bxd3 Nxd3 40. Kxh5 Nxb4 41. Kh6 Nd5 42. Kxh7 b5 43. Kg7 b4 44. Kg6 b3 45. Kg5 b2 46. f4+ Nxf4 47. Kg4 b1=Q 48. Kf3 Qd3+ 49. Kf2 Qe2+ 50. Kg1 Qg2# 0-1


[Site "https://www.chess.com"]

[Event "Titled Tuesday Blitz July 20 2021"]
[White "Rustemov, Alexander"]
[Black "Mokshanov, Alexey"]
[WhiteFideId "4119002"]
[BlackFideId "24121657"]
[WhiteElo "2840"]
[BlackElo "2262"]
[Result "1-0"]
[Round "10"]
[TimeControl "180+1"]
[Date "2021.07.20"]
[WhiteClock "0:00:04"]
[BlackClock "0:00:02"]

1. d4 d5 2. c4 e6 3. Nc3 Nf6 4. cxd5 exd5 5. Bg5 Be7 6. e3 c6 7. Bd3 O-O 8. Qc2 Nbd7 9. Nf3 Re8 10. h3 Nf8 11. Bf4 Bd6 12. Bxd6 Qxd6 13. O-O-O b5 14. Kb1 a5 15. Rc1 Bb7 16. g4 N6d7 17. Ne2 Rac8 18. Rhd1 b4 19. Nf4 c5 20. dxc5 Nxc5 21. Nd4 g6 22. Bb5 Red8 23. Qe2 Nfe6 24. Nfxe6 fxe6 25. f4 e5 26. fxe5 Qxe5 27. Rf1 a4 28. Qd2 a3 29. Qxb4 Qe4+ 30. Ka1 axb2+ 31. Kxb2 Qe7 32. Ka1 Rf8 33. Rxf8+ Qxf8 34. a4 Nb3+ 35. Qxb3 Rxc1+ 36. Kb2 Rh1 37. Bd3 Rh2+ 38. Bc2 Qc8 39. a5 Rxh3 40. Nb5 Qc4 41. Qxc4 dxc4 42. Nd6 Ba6 43. e4 Kf8 44. e5 Re3 45. Ne4 h5 46. gxh5 gxh5 47. Nc5 Bb5 48. a6 Rxe5 49. a7 c3+ 50. Kb3 Re8 51. Be4 Ke7 52. Kxc3 Kd6 53. Kb4 Bc6 54. Bg6 Re5 55. Nd3 Rb5+ 56. Kc3 Rg5 57. Nf4 h4 58. Kd4 Rg4 59. Ke3 h3 60. Be4 1-0


[Site "https://www.chess.com"]

[Event "Titled Tuesday Blitz July 20 2021"]
[White "Sarana, Alexey"]
[Black "Gusarov, Grigory"]
[WhiteFideId "24133795"]
[BlackFideId "24102172"]
[WhiteElo "2646"]
[BlackElo "2269"]
[Result "0-1"]
[Round "10"]
[TimeControl "180+1"]
[Date "2021.07.20"]
[WhiteClock "0:02:35"]
[BlackClock "0:01:36"]

1. e4 c6 2. d4 d5 3. e5 Bf5 4. Nf3 e6 5. Be2 Nd7 6. Nbd2 Ne7 7. Nb3 h6 8. O-O a5 9. a4 Bh7 10. Bd2 b6 11. c4 dxc4 12. Bxc4 Nd5 13. Ne1 Bb4 14. Qg4 Bg6 15. Bxd5 cxd5 16. Bxb4 axb4 17. Qe2 O-O 18. Qb5 Qe7 19. Nd3 Bxd3 20. Qxd3 f6 21. exf6 Nxf6 22. Rfe1 Qd6 23. f3 Rfc8 24. Re2 Kf7 25. Qb5 Rc4 26. Rae1 Re8 27. Qxe8+ Nxe8 28. f4 Nf6 29. Re5 g6 30. h3 Ne4 31. Rf1 Rc2 32. a5 Rxb2 33. Nc1 bxa5 34. Nd3 Rd2 35. Ne1 b3 36. Nf3 Rc2 37. g4 b2 38. f5 Rc1 0-1


[Site "https://www.chess.com"]

[Event "Titled Tuesday Blitz July 20 2021"]
[White "Sargsyan, Anna M."]
[Black "Melikhov, Evgeny V."]
[WhiteFideId "13308130"]
[BlackFideId "4122046"]
[WhiteElo "2263"]
[BlackElo "1965"]
[Result "1/2-1/2"]
[Round "10"]
[TimeControl "180+1"]
[Date "2021.07.21"]
[WhiteClock "0:00:56"]
[BlackClock "0:00:48"]

1. d4 Nf6 2. c4 e6 3. Nf3 d5 4. Nc3 Bb4 5. Bg5 h6 6. Bxf6 Qxf6 7. e3 O-O 8. Be2 c5 9. O-O cxd4 10. Nxd4 dxc4 11. Bxc4 Bxc3 12. bxc3 b6 13. Nb5 Qe7 14. a4 Nc6 15. Ba2 Na5 16. Rc1 Bb7 17. Bb1 Qg5 18. e4 Rfd8 19. Qf3 Nc4 20. Qg3 Qxg3 21. hxg3 Nd2 22. Rfe1 Nxb1 23. Rxb1 Bc6 24. Rb4 a5 25. Rb2 Bxb5 26. Rxb5 Rac8 27. Rc1 Rc4 28. Rxb6 Rxe4 29. c4 Rc8 30. c5 Rxa4 31. c6 Rb4 32. Ra6 a4 33. Ra7 Rb6 34. c7 Kf8 35. Rxa4 Rb7 36. Rac4 Ke7 37. g4 Kd7 38. Rd1+ Ke7 39. Rdc1 Kd7 40. Rf4 Ke7 41. Rfc4 1/2-1/2


[Site "https://www.chess.com"]

[Event "Titled Tuesday Blitz July 20 2021"]
[White "Sarkar, Justin"]
[Black "Kubatko, Ivan"]
[WhiteFideId "2010011"]
[BlackFideId "24111473"]
[WhiteElo "2072"]
[BlackElo "2285"]
[Result "0-1"]
[Round "10"]
[TimeControl "180+1"]
[Date "2021.07.21"]
[WhiteClock "0:00:12"]
[BlackClock "0:00:25"]

1. d4 d5 2. c4 e6 3. Nc3 c5 4. cxd5 cxd4 5. Qa4+ Bd7 6. Qxd4 exd5 7. Qxd5 Nc6 8. a3 Nf6 9. Qd1 Bc5 10. Bf4 Qb6 11. e3 Qxb2 12. Na4 Bb4+ 13. axb4 Qxb4+ 14. Qd2 Ne4 15. Qxb4 Nxb4 16. Nb6 Nc2+ 17. Ke2 Nxa1 18. Nxa8 Bb5+ 19. Ke1 Nc2+ 20. Kd1 Nxf2+ 21. Kxc2 Bxf1 22. Nc7+ Kd7 23. Nh3 Nxh1 0-1


[Site "https://www.chess.com"]

[Event "Titled Tuesday Blitz July 20 2021"]
[White "Seo, Jung Min"]
[Black "Golubev, Mikhail"]
[WhiteFideId "1734687"]
[BlackFideId "14100983"]
[WhiteElo "2486"]
[BlackElo "2374"]
[Result "1-0"]
[Round "10"]
[TimeControl "180+1"]
[Date "2021.07.20"]
[WhiteClock "0:00:07"]
[BlackClock "0:00:01"]

1. e4 c5 2. Nf3 d6 3. g3 Nf6 4. Nc3 g6 5. Bg2 Bg7 6. O-O O-O 7. d4 cxd4 8. Nxd4 Nc6 9. Nxc6 bxc6 10. Qd3 Rb8 11. b3 Qa5 12. Bd2 Ba6 13. Nd5 Bxd3 14. Nxe7+ Kh8 15. Bxa5 Bxf1 16. Rxf1 Rbe8 17. Nxc6 Nxe4 18. Nxa7 Bc3 19. Bb6 d5 20. Nb5 Be5 21. Nc7 Bxc7 22. Bxc7 Rc8 23. Be5+ f6 24. Bxe4 fxe5 25. Bxd5 Rxc2 26. a4 Rd8 27. Bc4 Rdd2 28. a5 Ra2 29. a6 e4 30. b4 Ra4 31. Re1 Rb2 32. Rxe4 Rbxb4 33. Re8+ Kg7 34. Be2 Rb2 35. h4 h5 36. Kg2 Raa2 37. Kf3 Ra3+ 38. Re3 Raa2 39. Re4 Ra3+ 40. Re3 Raa2 41. Re7+ Kf6 42. Re4 Ra3+ 43. Kf4 Raa2 44. Bc4 Rxf2+ 45. Ke3 Rab2 46. a7 Ra2 47. Re6+ Kf5 48. Re8 1-0


[Site "https://www.chess.com"]

[Event "Titled Tuesday Blitz July 20 2021"]
[White "Shevelev, Dmitri"]
[Black "Sinitsina, Anastassia"]
[WhiteFideId "2802627"]
[BlackFideId "4504640"]
[WhiteElo "2262"]
[BlackElo "2204"]
[Result "1-0"]
[Round "10"]
[TimeControl "180+1"]
[Date "2021.07.21"]
[WhiteClock "0:00:21"]
[BlackClock "0:00:57"]

1. d4 Nf6 2. Nf3 g6 3. Nc3 Bg7 4. e4 d6 5. Be3 O-O 6. Qd2 Re8 7. Bh6 Bh8 8. h4 c5 9. O-O-O cxd4 10. Nxd4 Nc6 11. Nb3 Na5 12. f3 Nxb3+ 13. axb3 Qa5 14. Kb1 Be6 15. g4 Rec8 16. h5 b5 17. Nd5 Qd8 18. hxg6 hxg6 19. Bxb5 Bxd5 20. exd5 Rab8 21. Ba6 Rc5 22. Qh2 Nxd5 23. Be3 Be5 24. Qh7+ Kf8 25. Bxc5 dxc5 26. c4 Rxb3 27. Qh8+ Bxh8 28. Rxh8+ Kg7 29. Rxd8 1-0


[Site "https://www.chess.com"]

[Event "Titled Tuesday Blitz July 20 2021"]
[White "Shubenkova, Veronika"]
[Black "Rozhkov, Viacheslav"]
[WhiteFideId "44124040"]
[BlackFideId "4181484"]
[WhiteElo "1895"]
[BlackElo "2324"]
[Result "0-1"]
[Round "10"]
[TimeControl "180+1"]
[Date "2021.07.21"]
[WhiteClock "0:01:49"]
[BlackClock "0:01:08"]

1. d4 d5 2. e3 e6 3. f4 f5 4. Nf3 Nf6 5. Bd3 Bd6 6. Ne5 O-O 7. O-O Ne4 8. Bxe4 fxe4 9. b3 c5 10. Bb2 cxd4 11. Bxd4 Nc6 12. Bb2 Bxe5 13. fxe5 Rxf1+ 14. Qxf1 Qg5 15. Qf4 Qxf4 16. exf4 Nb4 17. Na3 Bd7 18. Kf2 Rc8 19. c4 Nd3+ 20. Ke3 Nxb2 21. cxd5 exd5 22. Kd4 Be6 23. Nb5 Nd3 24. Nxa7 Rc2 25. Nb5 Nxf4 26. Rf1 Nxg2 27. a4 Nh4 28. Ke3 Nf5+ 29. Kf4 h6 30. h4 Nxh4 31. Nd4 g5+ 32. Kg3 Rg2# 0-1


[Site "https://www.chess.com"]

[Event "Titled Tuesday Blitz July 20 2021"]
[White "Siva Mahadevan"]
[Black "Indjic, Aleksandar"]
[WhiteFideId "25043153"]
[BlackFideId "911925"]
[WhiteElo "2203"]
[BlackElo "2643"]
[Result "0-1"]
[Round "10"]
[TimeControl "180+1"]
[Date "2021.07.20"]
[WhiteClock "0:00:49"]
[BlackClock "0:00:33"]

1. e4 c5 2. Nf3 d6 3. d4 cxd4 4. Nxd4 Nf6 5. Nc3 a6 6. Bg5 e6 7. f4 Qb6 8. Qd2 Nc6 9. Bxf6 gxf6 10. Nb3 h5 11. O-O-O Be7 12. Kb1 Bd7 13. Be2 Rc8 14. Rhf1 Qc7 15. Rf3 b5 16. Bf1 b4 17. Ne2 a5 18. Ned4 a4 19. Nb5 Qb8 20. Nc1 Kf8 21. Nxd6 Rd8 22. Rd3 b3 23. cxb3 Nb4 24. Nxf7 Kxf7 25. Rxd7 Rxd7 26. Qxd7 Rd8 27. Qxd8 Bxd8 28. bxa4 Be7 29. f5 Qc7 30. fxe6+ Kxe6 31. Rd2 f5 32. exf5+ Kf7 33. Nb3 Bg5 34. Rf2 Qc6 35. Re2 Qxa4 36. a3 Qxb3 37. axb4 Qd1+ 38. Ka2 Qxf1 0-1


[Site "https://www.chess.com"]

[Event "Titled Tuesday Blitz July 20 2021"]
[White "Skatchkov, Valery"]
[Black "Shvedova, Alexandra"]
[WhiteFideId "24195812"]
[BlackFideId "54154782"]
[WhiteElo "2199"]
[BlackElo "1887"]
[Result "1/2-1/2"]
[Round "10"]
[TimeControl "180+1"]
[Date "2021.07.21"]
[WhiteClock "0:01:02"]
[BlackClock "0:00:06"]

1. d4 d5 2. Bf4 Nf6 3. Nc3 c5 4. e3 e6 5. Nf3 a6 6. Bd3 Nbd7 7. O-O Be7 8. Re1 O-O 9. e4 dxe4 10. Bxe4 Nxe4 11. Nxe4 cxd4 12. Qxd4 Nf6 13. Rad1 Qxd4 14. Nxd4 Nd5 15. Bd6 Bxd6 16. Nxd6 Rd8 17. Ne4 Bd7 18. c4 Nf6 19. Nc5 b6 20. Nxd7 Rxd7 21. Nc6 Rc7 22. Rd6 Rac8 23. Ne5 Ne8 24. Rxb6 f6 25. Nd3 e5 26. c5 Rd8 27. Rb3 g6 28. Rc3 Ng7 29. b4 Ne6 30. f4 Nxf4 31. Nxf4 exf4 32. Re6 Rd2 33. Rxf6 Re7 34. Rxf4 Ree2 35. Rg3 Rxa2 36. Rf1 Rab2 37. Rc1 Rxb4 38. c6 Rb8 39. c7 Rc8 40. Rd3 Re7 41. Rd8+ Re8 42. Rd7 a5 43. Rf1 a4 44. Ra1 Re4 45. Rxa4 Rxa4 46. Rd8+ Kg7 47. Rxc8 Rc4 48. Kf2 h6 49. g3 Rc1 50. Ke3 Rc2 51. h3 Rc1 52. g4 Rc2 53. h4 Rc1 54. g5 hxg5 55. hxg5 Rc2 56. Kd3 Rc1 57. Kd4 Rc2 58. Ke4 Rc1 59. Kd3 Rc5 60. Kd4 Rc1 61. Kd5 Rc2 62. Kd6 Rd2+ 63. Ke6 Re2+ 64. Kd5 Rd2+ 65. Ke5 Rc2 66. Ke6 Rc1 67. Rd8 Rxc7 68. Rd7+ Rxd7 69. Kxd7 Kh7 70. Ke7 Kg7 71. Ke6 Kh8 72. Kf7 Kh7 73. Kf6 Kh8 74. Ke7 Kg7 75. Ke6 Kh8 76. Kf7 Kh7 77. Ke7 Kg7 1/2-1/2


[Site "https://www.chess.com"]

[Event "Titled Tuesday Blitz July 20 2021"]
[White "Sliwicki, Damian"]
[Black "Ambartsumova, Karina"]
[WhiteFideId "1127128"]
[BlackFideId "4166299"]
[WhiteElo "2149"]
[BlackElo "2262"]
[Result "0-1"]
[Round "10"]
[TimeControl "180+1"]
[Date "2021.07.21"]
[WhiteClock "0:00:04"]
[BlackClock "0:00:51"]

1. e4 c5 2. Nf3 e6 3. d4 cxd4 4. Nxd4 a6 5. Nc3 Qc7 6. Nb3 Nf6 7. Bd3 Nc6 8. O-O b5 9. a3 Bb7 10. f4 d6 11. Qf3 Be7 12. Qh3 h5 13. Bd2 Ng4 14. Kh1 Qb6 15. f5 Nce5 16. fxe6 fxe6 17. Be2 Bf6 18. Bf4 O-O-O 19. Qg3 g5 20. Bd2 Rdf8 21. Bxg4 Nxg4 22. Be1 Be5 23. Qd3 Bxh2 24. Rxf8+ Rxf8 25. Bg3 h4 26. Be1 Qg1# 0-1


[Site "https://www.chess.com"]

[Event "Titled Tuesday Blitz July 20 2021"]
[White "Song, Michael"]
[Black "Damjanovic, Vladimir"]
[WhiteFideId "2613190"]
[BlackFideId "903795"]
[WhiteElo "2274"]
[BlackElo "2374"]
[Result "1-0"]
[Round "10"]
[TimeControl "180+1"]
[Date "2021.07.21"]
[WhiteClock "0:00:50"]
[BlackClock "0:00:02"]

1. d4 Nf6 2. Bg5 e6 3. Nd2 c5 4. dxc5 Bxc5 5. e3 d5 6. Ngf3 h6 7. Bh4 Nc6 8. Bd3 O-O 9. a3 Be7 10. O-O e5 11. e4 Bg4 12. h3 Bh5 13. Bxf6 Bxf6 14. Qe1 Bg6 15. Qe2 d4 16. Bc4 Qb6 17. b4 Rac8 18. Ne1 a5 19. b5 Na7 20. a4 Rc7 21. Bb3 Rfc8 22. Nd3 Qd6 23. Rae1 Rc3 24. f4 R8c7 25. fxe5 Bxe5 26. b6 Bh2+ 27. Kh1 Qxb6 28. Kxh2 Nc8 29. Nf4 Ne7 30. Nxg6 Nxg6 31. e5 Re7 32. Nf3 Qc7 33. Qe4 Nxe5 34. Nxe5 Re3 35. Rxe3 dxe3 36. Rxf7 Qxe5+ 37. Qxe5 Rxe5 38. Re7+ 1-0


[Site "https://www.chess.com"]

[Event "Titled Tuesday Blitz July 20 2021"]
[White "Taichman, Ori"]
[Black "Timmermans, Mark"]
[WhiteFideId "2804069"]
[BlackFideId "1026399"]
[WhiteElo "2227"]
[BlackElo "2460"]
[Result "1-0"]
[Round "10"]
[TimeControl "180+1"]
[Date "2021.07.20"]
[WhiteClock "0:00:15"]
[BlackClock "0:00:26"]

1. e4 e5 2. d4 exd4 3. Qxd4 Nc6 4. Qe3 Nf6 5. Nc3 Bb4 6. Bd2 O-O 7. O-O-O Re8 8. Qg3 Rxe4 9. a3 Bd6 10. f4 Rxf4 11. Bxf4 Nh5 12. Qf3 Bxf4+ 13. Kb1 g6 14. g4 Ne5 15. Qe2 d5 16. Rxd5 Qf6 17. gxh5 Bg4 18. Qf2 Re8 19. Be2 Bf5 20. hxg6 fxg6 21. Nf3 Ng4 22. Qd4 c6 23. Qxf6 Nxf6 24. Rdd1 Ng4 25. Bc4+ Kf8 26. Rde1 Ne3 27. Bd3 Bg4 28. Nd4 Kg7 29. h3 Bc8 30. Nd1 Rd8 31. Nxe3 Rxd4 32. h4 Bg3 33. Ref1 Bxh4 34. Nc4 Be6 35. Ne5 Bg3 36. Nf3 Rg4 37. Nd2 h5 38. Ne4 Bb8 39. Rhg1 Rxg1 40. Rxg1 h4 41. Ng5 Bc8 42. Bf1 Bf5 43. Bh3 Bxh3 44. Nxh3 Bg3 45. Kc1 Kh6 46. Kd2 Kh5 47. Rh1 Kg4 48. Ke3 Bc7 49. Nf2+ Kh5 50. Kf3 g5 51. Ng4 Bf4 52. Rh3 Bc1 53. b3 Bxa3 54. Nf6+ Kg6 55. Ng4 Kh5 56. Rh2 Bd6 57. Re2 Bf4 58. Re6 1-0


[Site "https://www.chess.com"]